 Dungeon Crawl Stone Soup version 0.25.1-2-g60ff931df9 (webtiles) character file.

Game seed: 10951894650063984

16217 lepoulpe303 the Grappler (level 12, -5/172 HPs)
             Began as a Troll Abyssal Knight on Sept 17, 2020.
             Was the Champion of Lugonu.
             Slain by a very large slime creature (25 damage)
             ... on level 11 of the Dungeon.
             The game lasted 00:31:57 (9799 turns).

lepoulpe303 the Grappler (Troll Abyssal Knight)     Turns: 9799, Time: 00:31:57

Health: -5/172     AC: 26    Str: 25 (26) XL:     12   Next: 8%
Magic:  0/16       EV:  1    Int:  7 (8)  God:    Lugonu [******]
Gold:   793        SH:  0    Dex:  9 (10) Spells: 11/11 levels left

rFire    . . .     SeeInvis .     - Unarmed
rCold    . . .     Gourm    +   (no shield)
rNeg     + + +     Faith    .   (armour currently unavailable)
rPois    +         Spirit   +   (helmet currently unavailable)
rElec    .         Reflect  .   (cloak currently unavailable)
rCorr    .         Harm     .   (gloves unavailable)
MR       .....     NoTele   +   (boots unavailable)
Stlth    +.........             G - amulet of guardian spirit {Spirit}
HPRegen  0.78/turn              (no ring)
MPRegen  0.15/turn              (no ring)

@: tree-form
A: large, unfitting armour, fast metabolism 3, gourmand, regeneration 1,
MP-powered wands
a: Depart the Abyss, Bend Space, Banish, Corrupt, Enter the Abyss, Brand Weapon
With Distortion, Renounce Religion


You were on level 11 of the Dungeon.
You worshipped Lugonu.
Lugonu was exalted by your worship.
You were completely stuffed.
You were a tree.
You visited 1 branch of the dungeon, and saw 11 of its levels.
You visited the Abyss 1 time.

You collected 793 gold pieces.

Inventory:

Missiles
 s - 40 poisoned darts
 x - 5 large rocks {!d}
 L - 3 javelins
 Q - 196 stones (quivered)
Armour
 a - a +1 robe
 v - the +0 cloak of Autotheism (melded) {rPois rC+ Regen+ Stlth-}
   (You found it on level 4 of the Dungeon)

   It protects you from cold.
   It protects you from poison.
   It increases your rate of regeneration.
   It makes you less stealthy.
 J - a +2 robe of positive energy {rN+}
 K - a +0 troll leather armour {regen}
 M - a +0 robe of fire resistance {rF+}
Jewellery
 c - an uncursed amulet of guardian spirit {Spirit}
 G - an amulet of guardian spirit (around neck) {Spirit}
 H - an uncursed ring of wizardry {unknown}
Wands
 y - a wand of acid (5)
 B - a wand of polymorph (10)
 D - a wand of digging (7)
 I - a wand of clouds (4)
Scrolls
 b - 2 scrolls of fog {unknown}
 d - a scroll of amnesia
 i - 6 scrolls of identify
 j - 5 scrolls of magic mapping {!r}
 m - a scroll of random uselessness {unknown}
 o - a scroll of enchant armour
 p - 4 scrolls of enchant weapon {unknown}
 r - a scroll of blinking {unknown}
 u - a scroll of immolation {unknown}
 w - 4 scrolls of remove curse
 C - 2 scrolls of noise {!r}
 E - 2 scrolls of teleportation {unknown}
Potions
 f - 2 potions of lignification {!q}
 g - 2 potions of flight {unknown}
 h - 2 potions of haste
 k - 3 potions of magic
 l - a potion of heal wounds
 n - 2 potions of resistance
 q - 3 potions of curing
 t - 2 potions of stabbing
 z - 3 potions of brilliance
 A - a potion of ambrosia {unknown}
 F - a potion of degeneration {!q}
 N - a potion of mutation {!q}
Comestibles
 e - 31 rations


   Skills:
 + Level 6.9 Fighting
 + Level 7.1 Throwing
 * Level 3.0 Armour
 + Level 6.7 Dodging
 * Level 11.1 Unarmed Combat
 + Level 7.2 Invocations
 + Level 3.2 Evocations


You had 11 spell levels left.
You didn't know any spells.
Your spell library contained the following spells:

 Spells                   Type           Power        Failure   Level  Hunger
 Beastly Appendage        Tmut           #.....       43%         1    ##.....
 Freeze                   Ice            #...         43%         1    ##.....
 Infusion                 Chrm           #...         43%         1    ##.....
 Shroud of Golubria       Chrm/Tloc      #.....       56%         2    ###....
 Song of Slaying          Chrm           #.......     56%         2    ###....
 Sticks to Snakes         Tmut           #.......     56%         2    ###....
 Frozen Ramparts          Ice            #.....       80%         3    ####...
 Ozocubu's Armour         Chrm/Ice       #.......     80%         3    ####...
 Spectral Weapon          Hex/Chrm       #.......     80%         3    ####...
 Spider Form              Tmut/Pois      #.........   80%         3    ####...
 Hailstorm                Conj/Ice       #.......     99%         4    #####..
 Ice Form                 Ice/Tmut       #.......     99%         4    #####..
 Summon Ice Beast         Ice/Summ       #.......     99%         4    #####..
 Blade Hands              Tmut           #.........   100%        5    ######.


Dungeon Overview and Level Annotations

Branches:
Dungeon (11/15)            Temple (0/1) D:4            Lair (0/6) D:9
    Orc (0/2) D:11

Altars:
Cheibriados
Dithmenos
Fedhas
Gozag
Hepliaklqana
Kikubaaqudgha
Makhleb
Nemelex Xobeh
Qazlal
Sif Muna
Uskayaw
Xom
The Shining One

Portals:
Trove: D:10 (give +3 shadow dragon scales)

Annotations:
D:11 Fannar


Innate Abilities, Weirdness & Mutations

You are too large for most types of armour.
((You have claws for hands.))
Your metabolism is lightning-fast.
You like to eat raw meat.
Your natural rate of healing is unusually fast.
((You are covered in thick fur. (AC +2)))
((You have extremely tough skin. (AC +3)))
((You have very sharp teeth.))
((Armour fits poorly on your strangely shaped body.))
((Your flesh is heat resistant. (rF+)))
You expend magic power (3 MP) to strengthen your wands.


Message History

Fannar the Cold-Hearted comes into view.
They are wielding a +0 quarterstaff of freezing and wearing a +2 robe of cold resistance.
As you read the scroll labeled KOUTE BAH PEYD, it crumbles to dust.
You feel as if something is helping you.
It was a scroll of remove curse.
w - 4 scrolls of remove curse
v - the +0 cloak of Autotheism (worn)
{rPois rC+ Regen+ Stlth-} The very large slime creature hits you!!!
* * * LOW MAGIC WARNING * * *;
* * * LOW HITPOINT WARNING * * *
You take 46 damage, and have 12/115 hp.
MASSIVE DAMAGE!!
You now have 2/16 mp.
Okay, then.
Really quaff
f - 3 potions of lignification {!q}?
Really quaff the potion of lignification?
You turn into a tree.
The +0 cloak of Autotheism {rPois rC+ Regen+ Stlth-} melds into your body.
Your roots penetrate the ground.
The very large slime creature hits you!!
* * * LOW MAGIC WARNING * * *
You die...

..(###### ......# ...##.#
..###.# ...##.# ....#.#
#.##### #...#.# #.....#
.....># #####J# #...######
#♣# #...# ##.## #.#
####### #...###.#.## #.#
#.....# .....÷)....##
#.###.....#
.....)....#.####e#.......#
...........##......#.....#
......#...###.##.#.#.....#
#........)###.##.#.#######
#........#.##.##.#.#


You could see Fannar (icy armour) and a very large slime creature.

Levels and vault maps discovered:
D:1:      lemuel_arrival_tunnels, layout_basic
D:2:      cheibrodos_helix_gallery, layout_rooms,
          grunt_temple_overflow_forces_of_nature, fedhas_altar_2, uniq_natasha
D:3:      layout_basic, nemelex_altar_shiori, gammafunk_ghost_necromancy,
          serial_forest, infiniplex_forest_clump_large,
          infiniplex_forest_straight_5, infiniplex_forest_clump_cross,
          infiniplex_forest_lined_3_way, first_ration
D:4:      layout_loops_ring, marbit_many_paths, lemuel_doored_altar,
          temple_pool_b
D:5:      layout_rooms, nicolae_overflow_crystal_walls, grunt_ministairs_6
D:6:      layout_basic, old_standard_altar, nicolae_gozag_seed_capital,
          uniq_maggie
D:7:      layout_basic, uniq_prince_ribbit1
D:8:      layout_gridville, kennysheep_mini_moat, makhleb_heckhound_becter,
          kennysheep_little_box, tso_altar
D:9:      minmay_opposing_rooms, layout_irregular_city, lemuel_blue_sif_altar,
          minmay_lair_entry_grove, grunt_livestock, minmay_misc_feat_chi,
          uniq_grum, uniq_psyche
D:10:     layout_rooms, enter_trove_0
D:11:     layout_loops_cross, orc_0_dummy, uniq_harold, uniq_fannar

Notes
Turn   | Place    | Note
-------+----------+-------------------------------------------
     0 | Abyss:1  | lepoulpe303 the Troll Abyssal Knight began the quest for
                  | the Orb.
     0 | Abyss:1  | Reached XP level 1. HP: 22/22 MP: 1/1
    44 | Abyss:1  | Found a corrupted altar of Lugonu.
    65 | Abyss:1  | Noticed a sun demon
    65 | Abyss:1  | Noticed a worldbinder
    68 | Abyss:1  | Noticed a shadow
    68 | Abyss:1  | Noticed a shadow
    68 | Abyss:1  | Noticed a wraith
    80 | Abyss:1  | Noticed a wraith
    80 | D:1      | Escaped the Abyss
   151 | D:1      | Identified a +0 whip of freezing
   179 | D:1      | Reached skill level 2 in Dodging
   227 | D:1      | Reached XP level 2. HP: 29/29 MP: 2/2
   373 | D:1      | Identified a +0 dagger
   577 | D:1      | Reached * piety under Lugonu
   649 | D:1      | Identified a +0 club
   961 | D:2      | Noticed Natasha
   967 | D:2      | Killed Natasha
   967 | D:2      | Reached skill level 1 in Throwing
   967 | D:2      | Reached skill level 2 in Invocations
   967 | D:2      | Reached XP level 3. HP: 32/36 MP: 3/3
   974 | D:2      | Noticed Natasha
   987 | D:2      | HP: 5/36 [Natasha (8)]
   988 | D:2      | Killed Natasha
   988 | D:2      | Reached skill level 3 in Unarmed Combat
   988 | D:2      | Reached XP level 4. HP: 7/44 MP: 4/4
  1056 | D:2      | Identified a cursed +0 mace
  1072 | D:2      | Found a stormy altar of Qazlal.
  1072 | D:2      | Identified a cursed -3 club
  1167 | D:2      | Noticed Natasha
  1171 | D:2      | Found a blossoming altar of Fedhas.
  1180 | D:2      | Identified a +0 mace
  1180 | D:2      | Identified a +0 leather armour
  1192 | D:2      | Killed Natasha
  1206 | D:2      | Identified a +0 dagger
  1207 | D:2      | Identified a +0 dagger
  1294 | D:2      | Identified a +0 club
  1294 | D:2      | Identified an uncursed amulet of guardian spirit
  1301 | D:2      | Reached XP level 5. HP: 39/52 MP: 5/5
  1360 | D:2      | Reached ** piety under Lugonu
  1379 | D:2      | Identified a +0 dagger
  1450 | D:2      | Identified a +0 whip
  1495 | D:2      | Found a blossoming altar of Fedhas.
  1564 | D:2      | Identified a +0 club
  1564 | D:2      | Identified a +0 hunting sling
  1693 | D:3      | Identified a +0 club
  1700 | D:3      | Identified a +0 club
  1700 | D:3      | Identified a +0 leather armour
  1707 | D:3      | Identified a +0 war axe
  1731 | D:3      | Found a runed translucent gate.
  1731 | D:3      | Found a runed translucent gate.
  1731 | D:3      | Found a runed translucent gate.
  1731 | D:3      | Noticed eehn1's ghost (amateur MiFi)
  1767 | D:3      | Identified a cursed -3 club
  1767 | D:3      | Identified a +0 scale mail
  1811 | D:3      | Identified a +0 club
  1818 | D:3      | Identified a +0 war axe
  2010 | D:3      | Identified a +0 dagger
  2010 | D:3      | Identified a +0 robe
  2012 | D:3      | Identified a +0 whip
  2013 | D:3      | Reached skill level 3 in Fighting
  2014 | D:3      | Identified a cursed -2 dagger
  2014 | D:3      | Identified a +0 robe
  2014 | D:3      | Identified a +0 short sword
  2014 | D:3      | Identified a +0 ring mail
  2015 | D:3      | Identified a +0 flail
  2026 | D:3      | Reached skill level 2 in Throwing
  2030 | D:3      | Reached XP level 6. HP: 55/61 MP: 4/6
  2108 | D:3      | Found a sparkling altar of Nemelex Xobeh.
  2457 | D:3      | Identified 3 scrolls of magic mapping
  2458 | D:3      | Identified 2 scrolls of noise
  2459 | D:3      | Identified 2 scrolls of enchant armour
  2460 | D:3      | Identified 2 scrolls of amnesia
  2487 | D:3      | Killed eehn1's ghost
  2487 | D:3      | Reached skill level 3 in Dodging
  2487 | D:3      | Reached skill level 4 in Unarmed Combat
  2487 | D:3      | Reached skill level 3 in Invocations
  2535 | D:4      | Identified a +0 giant club
  2539 | D:4      | Reached XP level 7. HP: 67/67 MP: 8/8
  2639 | D:4      | Reached skill level 5 in Unarmed Combat
  2650 | D:4      | Identified a +0 flail
  2651 | D:4      | Identified a +0 club
  2690 | D:4      | Reached skill level 3 in Throwing
  2762 | D:4      | Identified a +0 halberd
  2779 | D:4      | Found a hazy altar of Hepliaklqana.
  2819 | D:4      | Found a staircase to the Ecumenical Temple.
  2887 | D:4      | Found a shadowy altar of Dithmenos.
  2939 | D:4      | Got an ichor-stained cloak
  2945 | D:4      | Identified the cursed +0 cloak of Autotheism {rPois rC+
                  | Regen+ Stlth-} (You found it on level 4 of the Dungeon)
  3137 | D:5      | Entered Level 5 of the Dungeon
  3260 | D:5      | Reached XP level 8. HP: 78/78 MP: 9/9
  3266 | D:5      | Identified a +0 shortbow
  3279 | D:5      | Reached skill level 4 in Fighting
  3279 | D:5      | Reached skill level 6 in Unarmed Combat
  3313 | D:5      | Reached *** piety under Lugonu
  3345 | D:5      | Identified a +0 short sword
  3345 | D:5      | Identified a +0 leather armour
  3347 | D:5      | Identified a +0 dagger
  3347 | D:5      | Identified a +0 robe
  3347 | D:5      | Identified a +0 club
  3474 | D:5      | Identified a +0 dagger
  3474 | D:5      | Identified a +0 robe
  3489 | D:5      | Identified a +0 hand axe
  3489 | D:5      | Identified a +0 scale mail
  3523 | D:5      | Identified a +0 spear
  3529 | D:5      | Identified a +0 spear
  3592 | D:5      | Reached skill level 4 in Dodging
  3592 | D:5      | Reached skill level 4 in Invocations
  3663 | D:5      | Reached skill level 4 in Throwing
  3839 | D:5      | Reached skill level 7 in Unarmed Combat
  3839 | D:5      | Reached XP level 9. HP: 68/85 MP: 9/11
  3958 | D:5      | Found a shimmering altar of Xom.
  4124 | D:6      | Found an ancient bone altar of Kikubaaqudgha.
  4124 | D:6      | Identified a +0 club
  4124 | D:6      | Identified a +0 leather armour
  4125 | D:6      | Identified a +0 club
  4125 | D:6      | Identified a +0 ring mail
  4125 | D:6      | Identified a +0 dagger
  4125 | D:6      | Identified a +0 robe
  4125 | D:6      | Identified a +0 whip
  4125 | D:6      | Identified a +0 flail
  4225 | D:6      | Identified a cursed -3 shortbow
  4246 | D:6      | HP: 12/87 [hornet (10)]
  4247 | D:6      | Identified 3 potions of curing
  4283 | D:6      | Identified a +5 mace
  4283 | D:6      | Identified a +0 robe
  4299 | D:6      | Identified a cursed +3 war axe
  4299 | D:6      | Identified a +0 robe
  4299 | D:6      | Identified a +0 halberd
  4299 | D:6      | Identified a cursed +0 robe
  4306 | D:6      | Identified a cursed +2 great sword
  4306 | D:6      | Identified a +0 robe
  4347 | D:6      | Reached skill level 5 in Invocations
  4351 | D:6      | Reached skill level 5 in Fighting
  4407 | D:6      | Reached skill level 8 in Unarmed Combat
  4431 | D:6      | Found an opulent altar of Gozag.
  4431 | D:6      | Identified a cursed +0 giant club
  4592 | D:6      | Identified a +1 halberd of distortion
  4592 | D:6      | Identified +0 steam dragon scales
  4592 | D:6      | Noticed Maggie
  4601 | D:6      | Reached **** piety under Lugonu
  4603 | D:6      | HP: 22/88 [Maggie/+1 halberd of distortion (11)]
  4606 | D:6      | Killed Maggie
  4606 | D:6      | Reached skill level 5 in Throwing
  4606 | D:6      | Reached skill level 5 in Dodging
  4849 | D:7      | Identified a +0 trident
  4849 | D:7      | Identified a +0 chain mail
  4850 | D:7      | Identified a +0 dagger
  4850 | D:7      | Identified a +0 flail
  4850 | D:7      | Identified a +0 leather armour
  4854 | D:7      | Identified a +0 flail
  4857 | D:7      | Identified a +0 leather armour
  4990 | D:7      | Identified a +1 hand axe of electrocution
  5033 | D:7      | Identified a +0 club
  5033 | D:7      | Identified a +0 chain mail
  5036 | D:7      | Identified a +0 hand axe
  5036 | D:7      | Identified a +0 ring mail
  5040 | D:7      | Identified a +0 short sword
  5040 | D:7      | Identified a +0 ring mail
  5058 | D:7      | Identified a +0 dagger
  5058 | D:7      | Identified a +0 robe
  5096 | D:7      | Identified a +0 giant club
  5144 | D:7      | Noticed Prince Ribbit
  5160 | D:7      | Killed Prince Ribbit
  5161 | D:7      | Identified 6 scrolls of identify
  5161 | D:7      | Identified 3 potions of mutation
  5162 | D:7      | Identified 2 potions of brilliance
  5163 | D:7      | Identified 2 potions of resistance
  5164 | D:7      | Identified 2 potions of lignification
  5165 | D:7      | Gained mutation: You are clumsy. (Dex -2) [potion of
                  | mutation]
  5165 | D:7      | Gained mutation: Scrolls take you a little longer to read.
                  | [potion of mutation]
  5165 | D:7      | Gained mutation: You possess an exceptional clarity of
                  | mind. [potion of mutation]
  5166 | D:7      | Lost mutation: You possess an exceptional clarity of mind.
                  | [potion of mutation]
  5166 | D:7      | Lost mutation: Scrolls take you a little longer to read.
                  | [potion of mutation]
  5166 | D:7      | Lost mutation: You are clumsy. (Dex -2) [potion of
                  | mutation]
  5166 | D:7      | Gained mutation: You have sharp toenails. [potion of
                  | mutation]
  5166 | D:7      | Gained mutation: You possess an exceptional clarity of
                  | mind. [potion of mutation]
  5166 | D:7      | Gained mutation: Scrolls take you a little longer to read.
                  | [potion of mutation]
  5166 | D:7      | Gained mutation: You expend magic power (3 MP) to
                  | strengthen your wands. [potion of mutation]
  5167 | D:7      | Lost mutation: You have sharp toenails. [potion of
                  | mutation]
  5167 | D:7      | Lost mutation: Scrolls take you a little longer to read.
                  | [potion of mutation]
  5167 | D:7      | Lost mutation: You possess an exceptional clarity of mind.
                  | [potion of mutation]
  5167 | D:7      | Gained mutation: You have very sharp teeth. [potion of
                  | mutation]
  5167 | D:7      | Gained mutation: Your flesh is heat resistant. (rF+)
                  | [potion of mutation]
  5167 | D:7      | Gained mutation: Armour fits poorly on your strangely
                  | shaped body. [potion of mutation]
  5167 | D:7      | Gained mutation: You are covered in thick fur. (AC +2)
                  | [potion of mutation]
  5178 | D:7      | Reached XP level 10. HP: 36/96 MP: 5/13
  5371 | D:7      | Identified the cursed +1 hand axe of Brutal Revenge {venom,
                  | rN+ Int+3}
  5371 | D:7      | Identified a +0 robe
  5371 | D:7      | Identified a +0 shortbow
  5616 | D:7      | Identified a potion of stabbing
  5617 | D:7      | Identified a potion of heal wounds
  5653 | D:8      | Found a hide-covered altar of Uskayaw.
  5732 | D:8      | Identified a cursed -3 dagger
  5732 | D:8      | Identified a +0 robe
  5736 | D:8      | Noticed a sixfirhy
  5766 | D:8      | Identified a cursed +0 leather armour
  5766 | D:8      | Identified a cursed -3 hand axe
  5766 | D:8      | Identified a +0 trident
  5766 | D:8      | Identified a +0 scale mail
  5771 | D:8      | Identified a +0 hand axe
  5826 | D:8      | Identified a +0 giant club
  5826 | D:8      | Identified a +0 falchion
  5826 | D:8      | Identified a +0 short sword
  5826 | D:8      | Identified a +0 leather armour
  5829 | D:8      | Identified a +0 flail
  5829 | D:8      | Identified a +0 leather armour
  5831 | D:8      | Identified a +0 dagger
  5833 | D:8      | Reached skill level 9 in Unarmed Combat
  5873 | D:8      | Identified a +0 club
  5874 | D:8      | Identified a +0 spear
  5878 | D:8      | Identified a +0 halberd
  5892 | D:8      | Reached ***** piety under Lugonu
  6037 | D:8      | Found a burning altar of Makhleb.
  6237 | D:8      | Found a snail-covered altar of Cheibriados.
  6246 | D:8      | Found a glowing golden altar of the Shining One.
  6395 | D:9      | Identified a +0 shortbow
  6440 | D:9      | Identified a +0 trident
  6440 | D:9      | Identified a +0 chain mail
  6440 | D:9      | Identified a +0 trident
  6440 | D:9      | Identified a +0 ring mail
  6451 | D:9      | Reached skill level 6 in Invocations
  6457 | D:9      | HP: 24/98 [orc (2)]
  6520 | D:9      | Reached skill level 1 in Evocations
  6529 | D:9      | Identified a +0 club
  6529 | D:9      | Identified a +0 leather armour
  6540 | D:9      | Reached skill level 6 in Throwing
  6541 | D:9      | Identified a +0 spear
  6543 | D:9      | Identified a +0 halberd
  6642 | D:9      | Reached skill level 6 in Fighting
  6643 | D:9      | Identified 3 potions of magic
  6644 | D:9      | Identified 2 potions of haste
  6724 | D:9      | Found a staircase to the Lair.
  6768 | D:9      | Identified a +2 dagger of draining
  6768 | D:9      | Identified a +0 robe of fire resistance
  6770 | D:9      | Identified a +0 morningstar
  6770 | D:9      | Identified a +0 short sword
  6772 | D:9      | Identified a +0 dagger
  6772 | D:9      | Identified a +0 robe
  6772 | D:9      | Identified a +0 whip
  6772 | D:9      | Identified a +0 scale mail
  6801 | D:9      | Identified a cursed -1 mace
  6801 | D:9      | Identified a +0 plate armour
  6805 | D:9      | Identified a +0 dagger
  6807 | D:9      | Identified a +0 dagger
  6807 | D:9      | Identified a +0 robe
  6810 | D:9      | Identified a +0 mace of holy wrath
  6810 | D:9      | Identified a +0 ring mail
  6815 | D:9      | Reached skill level 6 in Dodging
  7006 | D:9      | Found a shimmering blue altar of Sif Muna.
  7081 | D:9      | Identified a +0 hand axe
  7081 | D:9      | Identified a +0 animal skin
  7093 | D:9      | Reached skill level 10 in Unarmed Combat
  7100 | D:9      | Reached XP level 11. HP: 84/105 MP: 12/14
  7186 | D:9      | Identified a +0 shortbow
  7199 | D:9      | Reached skill level 2 in Evocations
  7230 | D:9      | Identified a -1 spear of pain
  7230 | D:9      | Identified a +0 animal skin
  7230 | D:9      | Noticed Grum
  7257 | D:9      | Killed Grum
  7397 | D:9      | Identified a +0 troll leather armour
  7416 | D:9      | Identified a +0 giant club
  7416 | D:9      | Identified a +0 giant spiked club
  7416 | D:9      | Noticed a two-headed ogre
  7436 | D:9      | Killed a two-headed ogre
  7466 | D:9      | Identified a +1 dagger of chaos
  7466 | D:9      | Identified a +2 robe of positive energy
  7466 | D:9      | Noticed Psyche
  7479 | D:9      | Killed Psyche
  7586 | D:9      | Identified a +0 shortbow
  7812 | D:9      | Reached skill level 1 in Armour
  7819 | D:10     | Entered Level 10 of the Dungeon
  7819 | D:10     | Identified a +0 halberd
  7819 | D:10     | Identified a +0 robe
  7819 | D:10     | Identified a cursed +0 long sword
  7819 | D:10     | Identified a +0 robe
  7819 | D:10     | Identified a +3 battleaxe
  7819 | D:10     | Identified a +0 robe
  7819 | D:10     | Identified a cursed +3 spear
  7819 | D:10     | Identified a +0 robe
  7820 | D:10     | Identified a cursed -3 club
  7829 | D:10     | Identified a +0 dagger
  7829 | D:10     | Identified a +0 robe
  7989 | D:10     | Identified a +0 flail
  7989 | D:10     | Identified a cursed +0 ring mail
  7992 | D:10     | Identified a +0 flail
  7992 | D:10     | Identified a +0 ring mail
  8069 | D:10     | Identified a +0 giant club
  8071 | D:10     | Identified a +0 giant club
  8073 | D:10     | Identified a +0 giant club
  8073 | D:10     | Identified a +0 giant spiked club
  8073 | D:10     | Noticed a two-headed ogre
  8094 | D:9      | HP: 24/107 [two-headed ogre/+0 giant club (4)]
  8135 | D:9      | Killed a two-headed ogre
  8195 | D:10     | Identified a +0 flail
  8195 | D:10     | Identified a +0 leather armour
  8202 | D:10     | Identified a +0 club
  8202 | D:10     | Identified a +0 leather armour
  8204 | D:10     | Identified a +0 dagger
  8204 | D:10     | Identified a +0 robe
  8208 | D:10     | Identified a +0 dagger
  8208 | D:10     | Identified a +0 robe
  8321 | D:10     | Found a portal to a secret trove of treasure.
  8336 | D:10     | Identified a +0 giant spiked club
  8654 | D:10     | Reached skill level 2 in Armour
  8720 | D:10     | Reached skill level 7 in Invocations
  8784 | D:11     | Identified a +0 war axe
  8784 | D:11     | Identified a +0 chain mail
  8784 | D:11     | Identified a +0 hand axe
  8784 | D:11     | Identified a +0 chain mail
  8784 | D:11     | Identified a +0 club
  8841 | D:11     | Identified a +0 dagger
  8879 | D:11     | Noticed a six-headed hydra
  8902 | D:11     | Killed a six-headed hydra
  8902 | D:11     | Reached skill level 7 in Throwing
  8902 | D:11     | Reached skill level 11 in Unarmed Combat
  8902 | D:11     | Reached skill level 3 in Evocations
  9064 | D:11     | Reached ****** piety under Lugonu
  9071 | D:11     | Identified a +0 shortbow
  9119 | D:11     | Found a staircase to the Orcish Mines.
  9120 | D:11     | Noticed a red ugly thing
  9131 | D:11     | Identified 2 potions of degeneration
  9213 | D:10     | Killed a red ugly thing
  9459 | D:11     | Identified a +0 flail
  9459 | D:11     | Identified a +0 plate armour
  9459 | D:11     | Identified a +0 dagger
  9459 | D:11     | Identified a +0 robe
  9470 | D:11     | Identified a +0 club
  9470 | D:11     | Identified a +0 scale mail
  9475 | D:11     | Reached XP level 12. HP: 65/115 MP: 9/16
  9513 | D:11     | Identified a +0 club
  9516 | D:11     | Identified a +0 flail
  9517 | D:11     | Identified a +0 club
  9530 | D:11     | Reached skill level 3 in Armour
  9796 | D:11     | Identified a +0 quarterstaff of freezing
  9796 | D:11     | Identified a +2 robe of cold resistance
  9796 | D:11     | Identified an uncursed ring of ice
  9796 | D:11     | Noticed Fannar
  9798 | D:11     | Identified 5 scrolls of remove curse
  9798 | D:11     | HP: 12/115 [very large slime creature (47)]
  9799 | D:11     | Slain by a very large slime creature

Table legend:
 A = Turns spent in this place as a percentage of turns spent in the entire game.
 B = Non-inter-level travel turns spent in this place as a percentage of non-inter-level travel turns spent in the entire game.
 C = Inter-level travel turns spent in this place as a percentage of turns spent in this place.
 D = Turns resting spent in this place as a percentage of non-inter-level travel turns spent in this place.
 E = Turns spent auto-exploring this place as a percentage of non-inter-level travel turns spent in this place.
 F = Non-inter-level travel turns spent in this place divided by the number of levels of this place that you've seen.
                   A       B       C       D       E      F
               +-------+-------+-------+-------+-------+----------------------
         Total | 100.0 | 100.0 |   4.6 |  12.7 |  60.4 | 779.3
       Dungeon |  99.2 |  99.1 |   4.6 |  12.8 |  60.9 | 842.9
         Abyss |   0.8 |   0.9 |   0.0 |   0.0 |   0.0 |  80.0
               +-------+-------+-------+-------+-------+----------------------

Table legend:
 A = Kills in this place as a percentage of kills in entire the game.
 B = Kills by you in this place as a percentage of kills by you in the entire game.
 C = Kills by friends in this place as a percentage of kills by friends in the entire game.
 D = Other kills in this place as a percentage of other kills in the entire game.
 E = Experience gained in this place as a percentage of experience gained in the entire game.
 F = Experience gained in this place divided by the number of levels of this place that you have seen.
                   A       B       C       D       E      F
               +-------+-------+-------+-------+-------+----------------------
         Total | 100.0 | 100.0 |   N/A |   N/A | 100.0 | 1930.7
       Dungeon | 100.0 | 100.0 |   N/A |   N/A | 100.0 | 2106.2
               +-------+-------+-------+-------+-------+----------------------

Skill      XL: |  1  2  3  4  5  6  7  8  9 10 11 12 |
---------------+-------------------------------------+-----
Dodging        | 2 3 4 5 6 |  6.7
Throwing       | 1 2 3 4 5 6 7 |  7.1
Invocations    | 2 3 4 5 6 7 |  7.2
Unarmed Combat | 3 4 5 7 8 10 11 | 11.1
Fighting       | 3 4 5 6 |  6.9
Evocations     | 1 3 |  3.2
Armour         | 2 3 |  3.0

Action                   |  1- 3 |  4- 6 |  7- 9 | 10-12 || total
-------------------------+-------+-------+-------+-------++-------
Melee: Unarmed           |    61 |   157 |   259 |   502 ||   979
       Punch             |     1 |     3 |    10 |    30 ||    44
       Bite              |       |       |     1 |    60 ||    61
Throw: Stone             |    17 |     1 |     2 |   227 ||   247
       Boomerang         |       |    47 |   134 |       ||   181
       Dart              |       |       |    24 |    11 ||    35
       Javelin           |       |       |       |    34 ||    34
Invok: Depart the Abyss  |     1 |       |       |       ||     1
Evoke: Wand              |       |       |     3 |     6 ||     9
  Use: Scroll            |       |     4 |     4 |     5 ||    13
       Potion            |       |       |     4 |     2 ||     6
 Stab: Sleeping          |       |       |     1 |       ||     1
  Eat: Chunk             |    10 |    16 |    27 |    54 ||   107
Armor: Robe              |    25 |    72 |    57 |    78 ||   232
       Skin              |       |       |       |    72 ||    72
Dodge: Dodged            |    31 |    85 |   113 |   289 ||   518

Vanquished Creatures
  A hydra (D:11)
  2 two-headed ogres (D:9)
  An ugly thing (D:10)
  A manticore (D:11)
  A cyclops (D:11)
  A centaur zombie (D:11)
  Psyche (D:9)
  Maggie (D:6)
  A kobold demonologist (D:8)
  2 trolls (D:9)
  The ghost of eehn1 the Chopper, an amateur MiFi (D:3)
  2 hornets
  Prince Ribbit (D:7)
  6 hippogriffs
  9 yaks
  A wraith (D:11)
  2 hungry ghosts (D:10)
  3 hogs (D:9)
  A human (D:9)
  Grum (D:9)
  A soldier ant (D:10)
  5 porcupines
  2 black bears
  5 orc warriors
  5 sky beasts
  3 phantoms
  3 ice beasts
  7 ogres
  7 wolves (D:9)
  7 centaurs
  3 crocodiles (D:9)
  4 bullfrogs
  A water moccasin skeleton (D:6)
  2 scorpions
  8 wights
  9 howler monkeys
  2 jellies
  6 crimson imps
  2 bullfrog zombies
  4 hounds
  8 orc priests
  A gnoll shaman (D:9)
  12 orc wizards
  2 bullfrog skeletons
  2 centaur skeletons (D:4)
  3 iguanas
  Natasha (thrice) (D:2)
  4 worker ants
  3 hound skeletons
  19 gnolls
  A howler monkey skeleton (D:3)
  14 adders
  2 shadow imps (D:6)
  An ooze (D:4)
  4 adder skeletons
  A worm (D:2)
  2 dart slugs (D:1)
  5 leopard geckos
  52 orcs
  14 bats
  7 giant cockroaches
  9 goblins
  8 hobgoblins
  6 jackals
  5 kobolds
  9 quokkas
  2 ball pythons (D:2)
  4 frilled lizards
  A quokka zombie (D:8)
  11 rats
340 creatures vanquished.

Vanquished Creatures (others)
  A plant (D:9)
1 creature vanquished.

Grand Total: 341 creatures vanquished
